 Dungeon Crawl Stone Soup version 0.31-a0-232-gb1c03b2570 (webtiles) character file.

Game seed: 10826518104314605485

650 qw the Shooter (level 7, -1/60 HPs)
             Began as a Minotaur Hexslinger on July 6, 2023.
             Was an Initiate of Okawaru.
             Slain by a river rat (7 damage)
             ... summoned by Eustachio
             ... on level 4 of the Dungeon.
             The game lasted 00:01:39 (3807 turns).

qw the Shooter (Minotaur Hexslinger)                Turns: 3807, Time: 00:01:40

Health: -1/60      AC: 14    Str: 11    XL:     7   Next: 28%
Magic:  7/7        EV: 10    Int: 14    God:    Okawaru [......]
Gold:   16         SH:  0    Dex: 14    Spells: 7/8 levels left

rFire   . . .        Y - +2 sling
rCold   . . .        (no shield)
rNeg    . . .        e - +9 ring mail "Ocei" {rElec}
rPois   .            (helmet restricted)
rElec   +            (no cloak)
rCorr   .            (no gloves)
SInv    +            (no boots)
Will    .....        d - amulet of regeneration
Stlth   +            c - ring of see invisible
HPRegen 1.10/turn    (no ring)
MPRegen 0.10/turn

%: no passive effects
@: no status effects
A: horns 2, retaliatory headbutt, clever 1, MP-powered wands
a: Renounce Religion


You were on level 4 of the Dungeon.
You worshipped Okawaru.
Okawaru was noncommittal.
You visited 2 branches of the dungeon, and saw 6 of its levels.
You also visited: Ossuary.

You collected 166 gold pieces.
You spent 150 gold pieces at shops.


Innate Abilities, Weirdness & Mutations

You have a pair of horns on your head.
You reflexively headbutt those who attack you in melee.
Your mind is acute. (Int +4, Str/Dex -1)
You expend magic power (3 MP) to strengthen your wands.


   Skills:
 - Level 4.3 Fighting
 + Level 7.9 Ranged Weapons
 - Level 1.2 Armour
 - Level 2.1 Dodging
 - Level 1.0 Spellcasting
 - Level 2.0 Hexes


You had 7 spell levels left.
You knew the following spells:

 Your Spells              Type           Power      Damage    Failure   Level
a - Slow                  Hex            24%        N/A       26%         1

Your spell library contained the following spells:

 Spells                   Type           Power      Damage    Failure   Level
 Inner Flame              Hex/Fire       3%         N/A       77%         3
 Portal Projectile        Hex/Tloc       6%         N/A       77%         3
 Cause Fear               Hex            3%         N/A       95%         4

Inventory:

Hand Weapons
 Y - a +2 sling (weapon)
Armour
 e - the +9 ring mail "Ocei" (worn) {rElec}
   (You found it on level 2 of the Dungeon)

   rElec:     It insulates you from electricity.
Jewellery
 c - a ring of see invisible (left hand)
 d - an amulet of regeneration (around neck)
Scrolls
 b - a scroll of identify
Potions
 a - a potion of curing
 h - a potion of lignification {unknown}
 i - a potion of haste {unknown}
 j - a potion of mutation
 k - a potion of might {unknown}

Dungeon Overview and Level Annotations

Branches:
Dungeon (5/15)             Temple (1/1) D:4         Ossuary (visited)

Altars:
Dithmenos
Fedhas
Kikubaaqudgha
Makhleb
Okawaru
Ru
Trog
Uskayaw
Vehumet
Wu Jian
Xom
Yredelemnul
Zin

Shops:
D:4 =

Annotations:
D:3 1 runed translucent door, qw's ghost, amateur GrHs
D:4 Eustachio


Message History

The river rat bites you but does no damage.
You shoot a sling bullet. The sling bullet hits the iron imp.
The iron imp is heavily wounded.
The black bear barely misses you. The black bear closely misses you.
The black bear claws you. The river rat barely misses you.
You furiously retaliate!
You headbutt the river rat.
The iron imp hits you but does no damage.
You shoot a sling bullet. The sling bullet hits the iron imp.
The iron imp is severely wounded.
The black bear closely misses you. You furiously retaliate!
You headbutt the black bear. The black bear misses you.
The black bear claws you but does no damage.
The river rat bites you but does no damage.
The iron imp hits you.
You shoot a sling bullet.
The sling bullet hits the iron imp but does no damage.
The iron imp is severely wounded.
The black bear bites you but does no damage.
The black bear claws you but does no damage. x2
The river rat bites you.
You shoot a sling bullet. The sling bullet hits the iron imp.
You kill the iron imp!
The iron imp disappears in a puff of smoke!
The black bear bites you but does no damage.
The black bear claws you but does no damage. x2
The river rat bites you.
You shoot a sling bullet. The sling bullet hits the black bear.
The black bear is moderately wounded.
Eustachio casts a spell.
The black bear bites you but does no damage.
The black bear claws you but does no damage. x2
The river rat misses you.
You shoot a sling bullet. The sling bullet hits the black bear!
The black bear is severely wounded.
Eustachio mumbles some strange words.
Eustachio blinks!
The black bear bites you but does no damage.
The black bear claws you but does no damage. x2
The river rat bites you!
You die...

#####.##
.#.....\...#
#.##
###...###...#
##.###.#...#
#...#
##.#.###8##
#...# #rr##
### #...#
#ยค## #...#
#r# #...# #r#
#...# #@#
......h@#
.########


You could see Eustachio, a black bear, 2 river rats, a quokka (summoned) and a
rat (summoned).

Vanquished Creatures
  Edmund (D:4)
  2 phantoms
  A scorpion (D:3)
  2 centaur zombies (Ossuary)
  A hound (D:4)
  An iguana (D:4)
  6 mummies (Ossuary)
  3 gnolls (D:4)
  3 adders
  3 worms
  A dart slug (D:4)
  An orc (D:4)
  11 ball pythons
  8 endoplasms
  3 giant cockroaches
  5 goblins
  7 hobgoblins
  2 jackals (D:1)
  7 kobolds
  5 quokkas
  7 bats
  2 frilled lizards
  3 hobgoblin zombies (Ossuary)
  4 rats
89 creatures vanquished.

Notes
Turn   | Place    | Note
-------+----------+-------------------------------------------
     0 | D:1      | qw the Minotaur Hexslinger began the quest for the Orb.
     0 | D:1      | Reached XP level 1. HP: 16/16 MP: 1/1
     0 | D:1      | 0 ||| qw: Version: 0.3-a-46-gb1f654a
     0 | D:1      | 0 ||| qw: Game counter: 2097
     0 | D:1      | 0 ||| qw: Melee chars always use a shield: true
     0 | D:1      | 0 ||| qw: God list: Okawaru
     0 | D:1      | 0 ||| qw: Allow faded altars: false
     0 | D:1      | 0 ||| qw: Do Orc after clearing Dungeon:15 true
     0 | D:1      | 0 ||| qw: Do second Lair branch before Depths: true
     0 | D:1      | 0 ||| qw: Lair rune preference: random
     0 | D:1      | 0 ||| qw: Goals: Normal
     0 | D:1      | 0 ||| PLANNING D:1-11
   365 | D:1      | Reached skill level 3 in Ranged Weapons
   365 | D:1      | Reached XP level 2. HP: 23/23 MP: 2/2
   688 | D:1      | 688 ||| UPGRADING to amulet of regeneration.
   693 | D:1      | 693 ||| READING scroll labelled REMOCU KOCVUOG.
   694 | D:1      | 694 ||| DROPPING scroll of poison.
   718 | D:2      | 718 ||| STAIRDANCE
   791 | D:2      | Reached XP level 3. HP: 29/29 MP: 3/3
   902 | D:2      | HP: 6/29 [worm (11)]
   945 | D:2      | Identified the +9 ring mail "Ocei" {rElec}
  1096 | D:2      | Reached skill level 4 in Ranged Weapons
  1113 | D:2      | HP: 7/29 [worm (9)]
  1523 | D:2      | 1523 ||| UPGRADING to +9 ring mail "Ocei" {rElec}.
  1533 | D:2      | 1533 ||| DROPPING +0 robe.
  1534 | D:2      | 1534 ||| DROPPING amulet of the acrobat.
  1535 | D:2      | 1535 ||| READING 3 scrolls labelled CEX VORAIXT.
  1536 | D:2      | 1536 ||| READING scroll labelled LIKHLE RAMOMERU.
  1537 | D:2      | 1537 ||| READING 2 scrolls of identify.
  1537 | D:2      | 1537 ||| IDENTIFYING black potion
  1692 | D:3      | Reached skill level 1 in Armour
  1692 | D:3      | Reached XP level 4. HP: 36/36 MP: 4/4
  1953 | D:3      | Noticed a scorpion
  1965 | D:3      | Killed a scorpion
  1966 | D:3      | Reached skill level 5 in Ranged Weapons
  1966 | D:3      | Reached XP level 5. HP: 17/41 MP: 5/5
  2078 | D:3      | Found a runed translucent door.
  2080 | D:3      | Noticed qw's ghost (amateur GrHs)
  2345 | D:3      | 2345 ||| READING scroll labelled LAOTHR QYAHOANK.
  2346 | D:3      | 2346 ||| READING scroll labelled MIALUC PIDUOF.
  2347 | D:3      | 2347 ||| DRINKING 2 sedimented orange potions.
  2456 | D:3      | 2456 ||| DROPPING potion of berserk rage.
  2504 | D:4      | 2504 ||| PLANNING OSSUARY
  2563 | D:4      | Found a staircase to the Ecumenical Temple.
  2573 | D:4      | Reached skill level 3 in Fighting
  2613 | D:4      | Reached skill level 6 in Ranged Weapons
  2774 | D:4      | You fall into a shaft and drop 1 floor!
  2774 | D:5      | Entered Level 5 of the Dungeon
  2810 | D:5      | Noticed a phantom
  2823 | D:5      | Killed a phantom
  2824 | D:5      | Reached XP level 6. HP: 39/53 MP: 6/6
  2878 | D:5      | 2878 ||| READING scroll labelled PUANWORPHEI.
  2879 | D:5      | 2879 ||| READING 2 scrolls of identify.
  2879 | D:5      | 2879 ||| IDENTIFYING emerald potion
  2880 | D:5      | 2880 ||| DROPPING potion of magic.
  2895 | D:4      | Found Coxkys's Jewellery Boutique.
  2901 | D:4      | 2901 ||| SHOPLISTING amulet of reflection (300 gold, have
                  | 150).
  2901 | D:4      | 2901 ||| SHOPLISTING ring "Loempiung" {Str+3 Dex+6} (493
                  | gold, have 150).
  2901 | D:4      | 2901 ||| SHOPLISTING ring of Sidagog {rF+ rC++ Int-4 Dex+5}
                  | (516 gold, have 150).
  2901 | D:4      | 2901 ||| SHOPLISTING ring of ice (250 gold, have 150).
  2901 | D:4      | 2901 ||| SHOPLISTING ring of positive energy (200 gold,
                  | have 150).
  2901 | D:4      | 2901 ||| BUYING ring of see invisible (150 gold).
  2901 | D:4      | Bought a ring of see invisible for 150 gold pieces
  3077 | D:4      | Found a sand-covered staircase.
  3078 | D:4      | 3078 ||| UPGRADING to ring of see invisible.
  3086 | Ossuary  | Entered an ossuary
  3114 | Ossuary  | Reached skill level 7 in Ranged Weapons
  3173 | Ossuary  | Reached XP level 7. HP: 60/60 MP: 7/7
  3174 | Ossuary  | 3174 ||| FLEEEEING.
  3175 | Ossuary  | 3175 ||| FLEEEEING.
  3176 | Ossuary  | 3176 ||| FLEEEEING.
  3177 | Ossuary  | 3177 ||| FLEEEEING.
  3178 | Ossuary  | 3178 ||| FLEEEEING.
  3179 | Ossuary  | 3179 ||| FLEEEEING.
  3336 | Ossuary  | 3336 ||| READING scroll labelled DETHRI LAMUU.
  3337 | Ossuary  | 3337 ||| READING scroll labelled ITOLEI UCOATOBOYFF.
  3338 | Ossuary  | 3338 ||| DRINKING 2 smoky black potions.
  3339 | Ossuary  | 3339 ||| DRINKING 2 fizzy ruby potions.
  3339 | Ossuary  | Gained mutation: You expend magic power (3 MP) to
                  | strengthen your wands. [potion of mutation]
  3339 | Ossuary  | Gained mutation: Your mind is acute. (Int +4, Str/Dex -1)
                  | [potion of mutation]
  3340 | Ossuary  | 3340 ||| DRINKING 2 fuming cyan potions.
  3341 | Ossuary  | 3341 ||| DROPPING potion of invisibility.
  3350 | D:4      | 3350 ||| PLANNING TEMPLE
  3446 | Temple   | Entered the Ecumenical Temple
  3537 | Temple   | 3537 ||| PLANNING OKAWARU WORSHIP
  3662 | Temple   | Became a worshipper of Warmaster Okawaru
  3663 | Temple   | 3663 ||| PLANNING D:1-11
  3755 | D:4      | Noticed Eustachio
  3756 | D:4      | Noticed Edmund
  3786 | D:4      | HP: 15/60 [Edmund/+2 flail of protection (6)]
  3787 | D:4      | 3787 ||| DRINKING potion of heal wounds.
  3792 | D:4      | Killed Edmund
  3795 | D:4      | HP: 14/60 [ufetubus[Eustachio] (3)]
  3800 | D:4      | HP: 10/60 [river rat[Eustachio] (4)]
  3805 | D:4      | HP: 3/60 [river rat[Eustachio] (3)]
  3807 | D:4      | Slain by a river rat

Levels and vault maps discovered:
D:1:      elethiomel_arrival_maze, layout_basic
D:2:      layout_basic
D:3:      layout_basic, ebering_ghost_reflecting_pool,
          amcnicky_mini_rare_corridor_liquid, supply_closet_lemuel
D:4:      layout_loops_cross, lemuel_coloured_pillars_altar,
          minmay_temple_entry_hall, chequers_ossuary_entry_cave, serial_shops,
          nicolae_shop_tiny_statue_garden, corexii_corridor_pit, uniq_edmund,
          uniq_eustachio, uniq_pargi
D:5:      layout_loops_corners, mainiacjoe_overflow_alcove_2,
          minmay_misc_feat_alley
Temple:   nicolae_temple_figure_eight

Skill      XL: |  1  2  3  4  5  6 |
---------------+-------------------+-----
Ranged Weapons | 3 4 5 6 7 |  7.9
Fighting       | 2 4 |  4.3
Armour         | 1 |  1.2
Dodging        | |  2.1
Spellcasting   | |  1.0
Hexes          | |  2.0

Action                     |  1- 3 |  4- 6 |  7- 9 || total
---------------------------+-------+-------+-------++-------
   Fire: Sling             |   166 |   172 |    71 ||   409
    Use: Scroll            |     4 |     4 |     2 ||    10
         Potion            |       |     1 |     4 ||     5
 Armour: Robe              |     3 |       |       ||     3
         Ring mail         |     6 |    81 |    54 ||   141
  Dodge: Dodged            |    40 |    81 |    42 ||   163

Table legend:
 A = Non-vault XP
 B = Vault XP
 C = Vault XP percentage of total XP
 D = Non-vault monster count
 E = Vault monster count
 F = Vault count percentage of total count
                 A         B        C        D         E       F
            +---------+---------+-------+---------+---------+-------
      Total |     576 |     353 |  38.0 |      77 |      12 |  13.5
            +---------+---------+-------+---------+---------+-------
        D:1 |      37 |       0 |   0.0 |      21 |       0 |   0.0
        D:2 |      50 |       0 |   0.0 |      20 |       0 |   0.0
        D:3 |     125 |       0 |   0.0 |      17 |       0 |   0.0
        D:4 |     263 |     153 |  36.8 |      18 |       1 |   5.3
        D:5 |     101 |       0 |   0.0 |       1 |       0 |   0.0
    Ossuary |       0 |     200 | 100.0 |       0 |      11 | 100.0
            +---------+---------+-------+---------+---------+-------
